Map: Dead of Night

Players

HYDROO

  • Race: Terran Terran
  • Spawn Location: 0:00

NamroodTuo

  • Race: Terran Terran
  • Spawn Location: 0:00

VOD

Have the link to the VOD?

Description

Time

  • Played on: May 6, 2023, 8:32 a.m.
  • Length: 23:40
Show
View Real Time Build Order
Export as new Build Order

HYDROO Terran 

Build Orders:  

Get SALT Encoding   

  12  0:13  Refinery  
  12  0:26  Refinery  
  12  0:41  Refinery  
  12  0:49  SCV  
  13  1:06  SCV  
  14  1:23  SCV  
  15  1:30  Starport  
  15  1:40  SCV  
  16  1:53  Factory  
  16  1:57  SCV  
  17  2:14  SCV  
  18  2:20  Unknown, Starport Tech Lab  
  18  2:31  SCV  
  19  2:48  SCV  
  20  3:00  Armory  
  20  3:05  SCV  
  20  3:07  Covert Triage  
  21  3:10  Raven Type-II  
  21  3:17  Ghost Visor  
  23  3:22  SCV  
  23  3:23  Railgun Turret  
  24  3:38  SCV  
  25  3:40  Factory Tech Lab  
  25  3:55  SCV  
  26  4:01  Railgun Turret  
  26  4:18  SCV  
  27  4:20  Terran Vehicle and Ship Weapons Level 1  
  27  4:28  Infernal Projectiles  
  27  4:35  SCV  
  27  4:37  Enhanced Manufacturing  
  28  4:41  Railgun Turret  
  28  4:52  SCV, Raven Type-II  
  31  5:00  Railgun Turret  
  31  5:09  SCV  
  32  5:26  SCV  
  33  5:42  SCV  
  34  5:59  Railgun Turret  
  34  6:00  Railgun Turret  
  34  6:01  Railgun Turret  
  34  6:02  Railgun Turret x2  
  34  6:03  Railgun Turret  
  34  6:13  Raid Liberator  
  40  6:28  Smart Servos  
  40  6:45  Barracks  
  40  6:50  SCV  
  40  6:58  Caduceus Reactor  
  41  7:00  Terran Vehicle And Ship Armor Level 1  
  41  7:13  Raid Artillery  
  41  7:43  Operational Efficiency, Rocket Barrage  
  41  7:49  Raven Type-II  
  43  7:52  Engineering Bay  
  43  7:58  Railgun Turret x2  
  43  7:59  Railgun Turret x2  
  43  8:01  Railgun Turret  
  43  8:03  Railgun Turret  
  43  8:21  Railgun Turret  
  43  8:22  Railgun Turret  
  43  8:28  Advanced Cloaking Field  
  43  8:45  Covert Banshee  
  49  9:20  Railgun Turret x2  
  49  9:22  Railgun Turret  
  49  9:23  Railgun Turret  
  49  9:24  Railgun Turret  
  49  9:31  Railgun Turret  
  49  9:32  Railgun Turret  
  49  9:33  Railgun Turret  
  49  9:40  Terran Vehicle and Ship Weapons Level 2  
  49  10:09  Railgun Turret x2  
  49  10:10  Railgun Turret  
  49  10:13  Raven Type-II  
  51  10:32  Railgun Turret  
  51  10:33  Railgun Turret  
  51  10:34  Railgun Turret  
  51  10:35  Railgun Turret  
  51  10:44  Railgun Turret  
  51  10:55  Covert Banshee  
  51  10:56  Covert Banshee  
  63  11:04  Railgun Turret  
  63  11:05  Railgun Turret x2  
  63  12:07  Raid Liberator  
  69  12:17  Railgun Turret  
  69  12:43  Railgun Turret  
  69  12:45  Tactical Airlift  
  71  12:59  Railgun Turret  
  69  13:00  Railgun Turret  
  69  13:01  Railgun Turret  
  69  13:03  Railgun Turret  
  69  13:04  Railgun Turret  
  69  13:10  Railgun Turret x2  
  69  13:11  Railgun Turret  
  69  13:15  Railgun Turret  
  69  13:18  Railgun Turret  
  69  13:23  Railgun Turret  
  69  13:30  Railgun Turret  
  69  13:33  Railgun Turret  
  69  13:34  Railgun Turret  
  69  13:37  Railgun Turret  
  69  13:55  Terran Vehicle and Ship Weapons Level 3  
  69  14:04  Railgun Turret  
  69  14:05  Railgun Turret x3  
  69  14:06  Railgun Turret x2  
  69  14:07  Railgun Turret  
  69  14:34  Missile Turret  
  69  15:06  Missile Turret  
  69  15:08  Raven Type-II  
  69  15:09  Raven Type-II, Covert Banshee  
  79  15:21  Defensive Drone  
  79  15:33  Railgun Turret, Missile Turret  
  79  15:34  Railgun Turret x2  
  79  15:35  Railgun Turret  
  79  15:36  Railgun Turret  
  79  15:37  Railgun Turret  
  79  15:38  Railgun Turret  
  79  15:39  Railgun Turret  
  79  15:40  Railgun Turret  
  79  15:47  Railgun Turret  
  79  15:48  Railgun Turret x2  
  79  15:49  Railgun Turret  
  79  15:50  Railgun Turret  
  79  15:51  Railgun Turret x2  
  79  16:25  Defensive Drone  
  79  16:29  Railgun Turret x2  
  79  16:30  Railgun Turret  
  79  16:31  Railgun Turret  
  79  16:32  Railgun Turret  
  79  16:33  Railgun Turret  
  79  16:43  Railgun Turret  
  79  16:44  Railgun Turret x2  
  79  16:45  Railgun Turret  
  79  16:47  Railgun Turret  
  79  17:01  Railgun Turret  
  79  17:04  Raid Liberator  
  79  17:05  Covert Banshee  
  91  17:12  Railgun Turret x2  
  91  17:14  Railgun Turret  
  91  17:15  Railgun Turret  
  91  17:24  Railgun Turret  
  91  17:25  Railgun Turret  
  91  17:35  Terran Vehicle And Ship Armor Level 2  
  91  18:54  Railgun Turret x2  
  91  18:55  Railgun Turret  
  91  18:56  Railgun Turret x2  
  91  18:57  Railgun Turret x2  
  91  18:59  Railgun Turret  
  91  19:00  Railgun Turret  
  91  19:03  Railgun Turret  
  91  19:14  Covert Banshee  
  91  19:15  Raven Type-II  
  91  19:19  Griffin Airstrike  
  99  19:38  Defensive Drone  
  99  19:57  Railgun Turret  
  99  20:18  Railgun Turret x2  
  99  20:20  Railgun Turret  
  99  20:27  Railgun Turret  
  99  20:28  Railgun Turret  
  99  20:29  Railgun Turret  
  99  20:34  Railgun Turret  
  99  20:35  Railgun Turret  
  99  20:37  Railgun Turret  
  99  20:38  Railgun Turret  
  99  20:39  Railgun Turret  
  99  20:41  Railgun Turret  
  99  20:55  Railgun Turret  
  99  20:56  Railgun Turret  
  99  20:57  Railgun Turret  
  99  20:59  Railgun Turret  
  99  21:00  Railgun Turret  
  99  21:03  Railgun Turret  
  99  21:06  Tactical Airlift  
  101  21:15  Railgun Turret x2  
  101  21:16  Railgun Turret x2  
  99  21:48  Griffin Airstrike  
  99  22:04  Defensive Drone  
  99  22:18  Railgun Turret  
  99  22:19  Railgun Turret  
  99  22:21  Railgun Turret x2  
  99  22:22  Railgun Turret  
  99  22:23  Railgun Turret  
  99  22:25  Railgun Turret x2  
  99  22:27  Railgun Turret  
  99  22:29  Railgun Turret  
  99  22:32  Railgun Turret  
  99  22:33  Railgun Turret  
  99  22:34  Railgun Turret  
  99  22:35  Railgun Turret  
  99  22:37  Railgun Turret  
  99  22:38  Railgun Turret  
  99  22:41  Railgun Turret  
  99  22:56  Defensive Drone  
  99  23:05  Railgun Turret  
  99  23:06  Railgun Turret  
  99  23:07  Railgun Turret x2  
  99  23:11  Railgun Turret  
  99  23:12  Railgun Turret  
  99  23:13  Railgun Turret  
  99  23:14  Railgun Turret  
  99  23:22  Railgun Turret  
  99  23:23  Railgun Turret  
  99  23:24  Railgun Turret x2  
  99  23:25  Railgun Turret  
  99  23:28  Railgun Turret  
  99  23:32  Griffin Airstrike  
Show
View Real Time Build Order
Export as new Build Order

NamroodTuo Terran 

Build Orders:  

Get SALT Encoding   

  12  0:13  SCV  
  13  0:26  SCV  
  14  0:36  Supply Depot  
  14  0:40  SCV  
  15  0:53  SCV  
  16  1:19  SCV  
  17  1:30  Factory  
  17  1:33  SCV  
  18  1:41  Refinery  
  18  1:43  Refinery  
  18  1:46  SCV  
  19  2:00  SCV  
  19  2:05  Engineering Bay  
  20  2:13  SCV  
  21  2:27  SCV  
  22  3:21  Perdition Turret  
  22  3:24  Perdition Turret  
  22  3:37  Perdition Turret  
  22  3:52  Devastation Turret  
  22  4:00  SCV  
  22  4:07  Devastation Turret  
  23  4:11  Perdition Turret, Refinery  
  23  4:12  Perdition Turret  
  23  4:30  Devastation Turret  
  23  5:13  Supply Depot  
  23  5:35  SCV  
  24  5:46  Armory  
  24  5:48  SCV  
  25  6:02  SCV  
  26  6:11  Spinning Dizzy  
  26  6:16  SCV  
  27  6:29  SCV, Upgrade Laser Drill Level 1  
  27  6:32  Spinning Dizzy  
  28  6:43  SCV  
  29  6:56  SCV  
  30  7:00  Supply Depot  
  30  7:10  SCV  
  31  7:29  SCV  
  31  7:32  Supply Depot  
  32  7:43  Fire-Suppression Systems  
  32  8:04  Supply Depot  
  32  8:20  Spinning Dizzy  
  32  8:22  Spinning Dizzy  
  32  8:35  Supply Depot  
  32  8:44  Devastation Turret  
  32  8:57  Perdition Turret  
  32  9:06  Supply Depot  
  32  9:38  Supply Depot  
  32  9:43  Factory Tech Reactor, KMC Auto-Loaders  
  32  9:46  Regenerative Bio-Steel  
  32  10:03  Perdition Turret  
  32  10:06  Spinning Dizzy  
  32  10:08  Perdition Turret  
  32  10:12  Spinning Dizzy  
  32  10:15  SCV  
  33  10:29  SCV  
  34  10:43  SCV  
  34  10:47  Starport  
  35  10:56  SCV  
  35  10:59  Upgrade Laser Drill Level 2  
  36  11:10  SCV  
  36  11:12  Devastation Turret  
  36  11:13  Hi-Sec Auto Tracking  
  36  11:15  Spinning Dizzy  
  36  11:16  Advanced Optics  
  70  11:30  SCV  
  38  11:43  SCV  
  39  11:51  Devastation Turret  
  39  11:57  SCV  
  40  12:09  Devastation Turret  
  40  12:10  SCV  
  40  12:13  Structure Armor  
  41  12:24  SCV  
  41  12:25  Multi-Lock Weapons System  
  42  12:31  Goliath  
  44  12:51  Devastation Turret  
  44  13:04  Spinning Dizzy  
  44  13:16  Terran Vehicle and Ship Weapons Level 1  
  44  13:18  Devastation Turret  
  44  13:31  Spinning Dizzy  
  44  13:32  Devastation Turret  
  44  13:33  Perdition Turret  
  44  13:36  Perdition Turret  
  44  13:39  Perdition Turret  
  44  13:43  Perdition Turret  
  44  13:47  SCV  
  44  13:48  Perdition Turret  
  45  13:55  Ares-Class Targeting System  
  45  14:01  SCV, Spinning Dizzy  
  45  14:09  Devastation Turret  
  44  14:10  Perdition Turret  
  44  14:14  SCV, Perdition Turret  
  44  14:16  Perdition Turret  
  44  14:17  Perdition Turret  
  42  14:21  Perdition Turret  
  42  14:28  SCV, Perdition Turret  
  42  14:29  Thor  
  49  14:31  Thor  
  49  14:35  Perdition Turret  
  49  14:36  Perdition Turret  
  55  14:41  SCV, Supply Depot  
  55  14:44  Perdition Turret x2  
  56  15:10  330mm Barrage Cannon  
  56  15:34  Thor x2  
  68  15:51  Devastation Turret  
  68  15:56  Terran Vehicle And Ship Armor Level 1  
  68  15:59  Devastation Turret  
  68  16:01  Devastation Turret  
  68  16:11  Devastation Turret  
  68  16:36  Thor  
  68  16:43  Devastation Turret  
  68  17:02  Thor  
  68  17:06  Thor x2  
  80  17:49  Starport Tech Reactor  
  80  17:54  Thor  
  80  17:58  Supply Depot  
  86  18:16  Spinning Dizzy  
  86  18:27  Spinning Dizzy  
  86  18:28  Thor  
  92  18:30  Supply Depot  
  92  18:39  Spinning Dizzy  
  92  18:48  Science Vessel  
  94  18:53  Thor  
  94  18:55  Science Vessel, Supply Depot  
  102  19:12  Supply Depot  
  102  19:37  Science Vessel  
  102  19:39  Spinning Dizzy  
  104  19:43  Improved Nano-Repair, Science Vessel  
  104  19:48  Perdition Turret x2, Terran Vehicle And Ship Armor Level 2  
  106  20:13  Perdition Turret  
  106  20:18  Perdition Turret x2  
  106  20:25  Science Vessel  
  108  20:43  Defensive Matrix  
  108  20:46  Perdition Turret  
  108  21:13  Supply Depot  
  108  21:16  Perdition Turret x2  
  108  21:18  Perdition Turret x2  
  108  21:23  Perdition Turret  
  108  21:24  Perdition Turret  
  108  21:25  Perdition Turret  
  108  21:27  Perdition Turret  
  108  21:35  Perdition Turret  
  108  21:39  Perdition Turret x2  
  108  21:46  Supply Depot  
  108  21:48  Perdition Turret x2  
  108  21:54  Perdition Turret x2  
  108  21:55  Perdition Turret  
  108  21:56  Perdition Turret  
  108  21:57  Perdition Turret  
  108  22:03  Thor x2  
  120  22:13  Pulse Amplifier  
  120  22:18  Supply Depot  
Tags
 
Commander
NovaSwann
Matchup
Co-op
Replay Pack
Multiplayer
Add a new tag
Caveats
  • Supply blocks, unpowered buildings, or Contaminate may cause inaccurate times.
  • Supply counts are checked every 10 seconds.